 Dungeon Crawl Stone Soup version 0.19.1 (webtiles) character file.

86 balthal the Charmwright (level 4, -2/30 HPs)
             Began as a High Elf Skald on Dec 15, 2016.
             Slain by a gnoll
             ... wielding a +0 club
              (5 damage)
             ... on level 2 of the Dungeon.
             The game lasted 00:04:51 (2027 turns).

balthal the Charmwright (High Elf Skald)            Turns: 2027, Time: 00:04:51

Health: -2/30      AC:  5    Str:  9 (12) XL:     4   Next: 27%
Magic:  0/9        EV: 11    Int: 13 (15) God:
Gold:   95         SH:  0    Dex: 12 (15) Spells: 2 memorised, 5 levels left

rFire  . . .     SeeInvis .     a - +0 falchion
rCold  . . .     Gourm    .     b - +0 leather armour
rNeg   . . .     Faith    .     (no shield)
rPois  .         Spirit   .     h - +0 helmet
rElec  .         Reflect  .     f - +0 cloak
rCorr  .         Harm     .     (no gloves)
MR     .....                    (no boots)
Stlth  +.........               (no amulet)
                                (no ring)
                                (no ring)

@: shrouded
A: no striking features
a: no special abilities


You were on level 2 of the Dungeon.
You were hungry.

You visited 1 branch of the dungeon, and saw 2 of its levels.

You collected 95 gold pieces.

Inventory:

Hand Weapons
 a - a +0 falchion (weapon)
Missiles
 k - 23 poisoned needles
Armour
 b - a +0 leather armour (worn)
 f - a +0 cloak (worn)
 h - a +0 helmet (worn)
Scrolls
 e - 2 scrolls of remove curse
 g - 2 scrolls of teleportation
 i - 2 scrolls of identify
Potions
 j - a potion of resistance
Books
 c - a book of Battle

   Spells                             Type                      Level
   a - Infusion                       Charms                       1
   b - Shroud of Golubria             Charms/Translocation         2
   c - Song of Slaying                Charms                       2
   d - Spectral Weapon                Hexes/Charms                 3
   e - Regeneration                   Charms/Necromancy            3
Comestibles
 d - 3 bread rations
 m - a royal jelly


   Skills:
 + Level 2.5 Fighting
 + Level 3.2 Long Blades
 + Level 1.7 Armour
 + Level 1.5 Dodging
 + Level 1.4 Stealth
 + Level 2.8 Spellcasting
 + Level 4.1 Charms


You had 5 spell levels left.
You knew the following spells:

 Your Spells              Type           Power        Failure   Level  Hunger
a - Infusion              Chrm           ##..         8%          1    #......
b - Shroud of Golubria    Chrm/Tloc      #.........   24%         2    ###....


Dungeon Overview and Level Annotations

Branches:
Dungeon (2/15)

Altars:


Message History

It was a potion of degeneration.
There was something very wrong with that liquid.
You feel weakened.
You feel dopey.
You feel clumsy. The gnoll misses you.
You riposte.
A kobold comes into view. It is wielding a whip.
The kobold shouts!
You hit the gnoll but do no damage.
The gnoll is moderately wounded.
The hobgoblin hits you.
* * * LOW HITPOINT WARNING * * *
You hit the gnoll but do no damage.
The gnoll is moderately wounded.
The hobgoblin hits you but does no damage.
The gnoll closely misses you.
Casting: Shroud of Golubria
Confirm with . or Enter, or press ? or * to list all spells.
Space distorts slightly along a thin shroud covering your body.
Your shroud bends the hobgoblin's attack away.
The gnoll hits you with a club.
You die...

######.#.#.##.#.#.†.....#
#......#.#..#.#.#.[.÷...#
#.######.##.#.#.#.......#
#.#....#.##...#.#.#'#####
#.#...<..###..#.#.#...#
#.##########..#.#.###.#
#........)...>#.#+###.#
##.....[.######.......#
#....)...'g@g...K.....#
#........#######......#
#.######## #......# #).#
#......# ##g# ##+###.# .#
#.# .# #.# .. .# #.


You could see a gnoll, a hobgoblin and a kobold.

Vanquished Creatures
  3 gnolls (D:2)
  2 adders (D:2)
  2 dart slugs
  2 leopard geckos (D:1)
  A giant cockroach (D:1)
  6 goblins
  4 hobgoblins
  2 ball pythons (D:1)
  3 bats
  3 frilled lizards
  6 kobolds
  3 rats
37 creatures vanquished.

Notes
Turn   | Place    | Note
-------+----------+-------------------------------------------
     0 | D:1      | balthal the High Elf Skald began the quest for the Orb.
     0 | D:1      | Reached XP level 1. HP: 14/14 MP: 4/4
   168 | D:1      | Reached skill level 1 in Armour
   444 | D:1      | Reached XP level 2. HP: 14/19 MP: 2/6
   448 | D:1      | Learned a level 2 spell: Shroud of Golubria
  1412 | D:2      | Reached XP level 3. HP: 15/25 MP: 0/8
  1550 | D:2      | Reached skill level 4 in Charms
  1804 | D:2      | Reached skill level 1 in Stealth
  2003 | D:2      | Reached XP level 4. HP: 28/30 MP: 4/9
  2027 | D:2      | Slain by a gnoll

Skill      XL: |  1  2  3 |
---------------+----------+-----
Armour         | 1 |  1.7
Long Blades    | 3 |  3.2
Charms         | 4 |  4.1
Stealth        | 1 |  1.4
Fighting       | |  2.5
Dodging        | |  1.5
Spellcasting   | |  2.8

Action                   |  1- 3 |  4- 6 || total
-------------------------+-------+-------++-------
Melee: Falchion          |   107 |     8 ||   115
 Cast: Infusion          |    15 |       ||    15
       Shroud of Golubri |     4 |     2 ||     6
  Use: Scroll            |     4 |       ||     4
       Potion            |       |     1 ||     1
 Stab: Distracted        |     1 |       ||     1
       Sleeping          |     4 |       ||     4
  Eat: Beef jerky        |     1 |       ||     1
       Chunk             |     2 |       ||     2
Armor: Leather armour    |    45 |     3 ||    48
Dodge: Dodged            |    49 |     5 ||    54
       Rpst.: Falchion   |    16 |     2 ||    18
